2850 views
Uploaded 2020-02-02 23:55:53
Game version 1.32 / 1.32.1
35:57 long 4on4 ladder game on (8)Battleground_LV
Saved by BEARAND
2850 views
Uploaded 2020-02-02 23:55:53
Game version 1.32 / 1.32.1
35:57 long 4on4 ladder game on (8)Battleground_LV


112 units @ 13.3k
/ 2k
201 buildings @ 18.6k
/ 10.9k


| Lesser Clarity Potion | 9 | 630 |
| Healing Salve | 5 | 500 |
| Orb of Lightning | 2 | 750 |
| Tiny Great Hall | 1 | 600 |
| Dust of Appearance | 1 | 75 |
| Staff of Teleportation | 2 | 300 |
| Boots of Speed | 2 | 500 |
| total: | 22 | 3355g |
| Peon | 16 | 1200 | / | 0 |
| Troll Batrider | 5 | 800 | / | 200 |
| total: | 21 | 2000g | / | 200w |
| Watch Tower | 14 | 1540 | / | 1120 |
| Altar of Storms | 1 | 180 | / | 50 |
| Orc Burrow | 4 | 640 | / | 160 |
| War Mill | 1 | 205 | / | 0 |
| Voodoo Lounge | 2 | 260 | / | 60 |
| Beastiary | 3 | 435 | / | 420 |
| Stronghold | 1 | 315 | / | 190 |
| Fortress | 1 | 325 | / | 190 |
| total: | 25 | 3260g | / | 1810w |
| 0:02 | Peon |
| 0:03 | Peon |
| 0:08 | Altar of Storms |
| 0:12 | Orc Burrow |
| 0:13 | Peon |
| 0:30 | Peon |
| 0:42 | Peon |
| 0:49 | War Mill |
| 0:56 | Peon |
| 1:07 | Voodoo Lounge |
| 1:13 | Peon |
| 1:23 | Peon |
| 1:38 | Orc Burrow |
| 1:45 | Peon |
| 2:00 | Peon |
| 2:06 | Wind Walk |
| 2:14 | Lesser Clarity Potion |
| 2:15 | Lesser Clarity Potion |
| 2:15 | Healing Salve |
| 2:15 | Healing Salve |
| 2:23 | Peon |
| 2:26 | Watch Tower |
| 2:33 | Watch Tower |
| 2:44 | Peon |
| 2:44 | Peon |
| 3:03 | Watch Tower |
| 3:07 | Watch Tower |
| 3:55 | Stronghold |
| 3:58 | Watch Tower |
| 4:01 | Watch Tower |
| 5:21 | Critical Strike |
| 5:52 | Spiked Barricades |
| 6:29 | Fortress |
| 6:31 | Reinforced Defenses |
| 6:33 | Beastiary |
| 6:34 | Beastiary |
| 6:35 | Beastiary |
| 6:37 | Orc Burrow |
| 6:44 | Voodoo Lounge |
| 7:05 | Orc Burrow |
| 7:12 | Staff of Teleportation |
| 7:12 | Boots of Speed |
| 8:18 | Wind Walk |
| 8:59 | Lesser Clarity Potion |
| 9:01 | Orb of Lightning |
| 9:10 | Liquid Fire |
| 9:10 | Troll Batrider |
| 9:33 | Watch Tower |
| 10:10 | Critical Strike |
| 10:30 | Lesser Clarity Potion |
| 10:31 | Tiny Great Hall |
| 10:40 | Troll Batrider |
| 10:44 | Watch Tower |
| 10:45 | Watch Tower |
| 10:50 | Watch Tower |
| 10:54 | Hex |
| 11:27 | Peon |
| 11:27 | Peon |
| 11:27 | Peon |
| 11:42 | Troll Batrider |
| 12:09 | Orb of Lightning |
| 12:17 | Healing Salve |
| 12:22 | Lesser Clarity Potion |
| 12:35 | Watch Tower |
| 12:39 | Watch Tower |
| 12:40 | Watch Tower |
| 12:44 | Watch Tower |
| 12:53 | Staff of Teleportation |
| 13:00 | Boots of Speed |
| 13:47 | Troll Batrider |
| 14:34 | Healing Wave |
| 15:49 | Dust of Appearance |
| 16:13 | Wind Walk |
| 16:29 | Healing Salve |
| 16:30 | Lesser Clarity Potion |
| 16:41 | Lesser Clarity Potion |
| 17:54 | Troll Batrider |
| 19:15 | Lesser Clarity Potion |
| 19:17 | Healing Salve |
| 19:17 | Lesser Clarity Potion |
| Right click | 858 |
| Select group | 280 |
| Select | 140 |
| Build/train/purchase | 101 |
| Use ability | 32 |
| Misc. action | 25 |
| Assign group | 24 |
| Item give/drop | 8 |
| Esc | 3 |
| Minimap ping | 3 |


| Peasant | 18 | 1350 | / | 0 |
| Gryphon Rider | 13 | 3640 | / | 910 |
| total: | 31 | 4990g | / | 910w |
| Scout Tower | 49 | 1470 | / | 980 |
| Guard Tower | 38 | 2660 | / | 1900 |
| Altar of Kings | 1 | 180 | / | 50 |
| Farm | 6 | 480 | / | 120 |
| Lumber Mill | 1 | 120 | / | 0 |
| Blacksmith | 1 | 140 | / | 60 |
| Town Hall | 3 | 1155 | / | 615 |
| Gryphon Aviary | 2 | 280 | / | 300 |
| Keep | 1 | 320 | / | 210 |
| Castle | 1 | 360 | / | 210 |
| total: | 63 | 3825g | / | 2125w |
| 0:04 | Peasant |
| 0:04 | Peasant |
| 0:04 | Peasant |
| 0:04 | Peasant |
| 0:07 | Altar of Kings |
| 0:19 | Farm |
| 1:17 | Peasant |
| 1:17 | Peasant |
| 1:24 | Farm |
| 1:45 | Scout Tower |
| 1:54 | Peasant |
| 1:54 | Peasant |
| 2:04 | Lumber Mill |
| 2:08 | Farm |
| 2:13 | Flame Strike |
| 2:22 | Scout Tower |
| 2:41 | Keep |
| 2:52 | Blacksmith |
| 2:55 | Scout Tower |
| 3:16 | Scout Tower |
| 3:29 | Guard Tower |
| 3:50 | Scout Tower |
| 3:51 | Guard Tower |
| 4:46 | Scout Tower |
| 4:46 | Guard Tower |
| 4:59 | Banish |
| 5:05 | Improved Lumber Harvesting |
| 5:27 | Scout Tower |
| 5:28 | Guard Tower |
| 5:55 | Scout Tower |
| 5:55 | Guard Tower |
| 6:23 | Peasant |
| 6:23 | Peasant |
| 6:23 | Peasant |
| 6:32 | Scout Tower |
| 6:34 | Guard Tower |
| 6:52 | Town Hall |
| 7:01 | Scout Tower |
| 7:02 | Guard Tower |
| 7:41 | Scout Tower |
| 7:41 | Guard Tower |
| 8:12 | Blizzard |
| 8:18 | Guard Tower |
| 8:46 | Town Hall |
| 8:53 | Scout Tower |
| 9:42 | Scout Tower |
| 9:43 | Guard Tower |
| 9:47 | Castle |
| 10:13 | Scout Tower |
| 10:13 | Guard Tower |
| 10:41 | Scout Tower |
| 10:41 | Guard Tower |
| 11:15 | Guard Tower |
| 11:19 | Scout Tower |
| 11:29 | Scout Tower |
| 11:42 | Gryphon Aviary |
| 11:44 | Improved Masonry |
| 11:47 | Guard Tower |
| 11:48 | Scout Tower |
| 12:09 | Scout Tower |
| 12:09 | Guard Tower |
| 12:15 | Peasant |
| 12:15 | Peasant |
| 12:15 | Peasant |
| 12:29 | Guard Tower |
| 12:38 | Flame Strike |
| 12:42 | Scout Tower |
| 12:45 | Guard Tower |
| 12:47 | Scout Tower |
| 13:05 | Storm Hammers |
| 13:08 | Iron Forged Swords |
| 13:08 | Studded Leather Armor |
| 13:17 | Scout Tower |
| 13:18 | Guard Tower |
| 13:35 | Guard Tower |
| 14:38 | Guard Tower |
| 14:56 | Steel Forged Swords |
| 14:57 | Advanced Lumber Harvesting |
| 14:57 | Advanced Masonry |
| 15:01 | Scout Tower |
| 15:10 | Scout Tower |
| 15:16 | Scout Tower |
| 15:49 | Scout Tower |
| 15:50 | Guard Tower |
| 15:54 | Scout Tower |
| 16:04 | Guard Tower |
| 16:05 | Scout Tower |
| 16:08 | Scout Tower |
| 16:16 | Brilliance Aura |
| 16:26 | Mithril Forged Swords |
| 16:26 | Reinforced Leather Armor |
| 16:28 | Gryphon Rider |
| 16:28 | Gryphon Rider |
| 16:28 | Gryphon Rider |
| 16:33 | Scout Tower |
| 16:34 | Guard Tower |
| 16:34 | Guard Tower |
| 17:12 | Guard Tower |
| 17:20 | Gryphon Aviary |
| 17:22 | Scout Tower |
| 17:31 | Scout Tower |
| 17:37 | Gryphon Rider |
| 17:37 | Gryphon Rider |
| 17:39 | Farm |
| 17:51 | Guard Tower |
| 17:52 | Scout Tower |
| 18:59 | Guard Tower |
| 19:10 | Guard Tower |
| 19:13 | Gryphon Rider |
| 19:13 | Gryphon Rider |
| 19:35 | Farm |
| 19:39 | Farm |
| 21:06 | Banish |
| 21:23 | Town Hall |
| 22:05 | Imbued Masonry |
| 23:08 | Dragonhide Armor |
| 24:36 | Scout Tower |
| 25:01 | Blizzard |
| 25:09 | Guard Tower |
| 25:17 | Gryphon Rider |
| 25:17 | Gryphon Rider |
| 25:21 | Scout Tower |
| 26:08 | Gryphon Rider |
| 26:18 | Guard Tower |
| 26:21 | Scout Tower |
| 26:52 | Guard Tower |
| 27:01 | Scout Tower |
| 27:27 | Scout Tower |
| 27:28 | Scout Tower |
| 27:30 | Scout Tower |
| 27:31 | Guard Tower |
| 28:34 | Peasant |
| 28:34 | Peasant |
| 28:34 | Peasant |
| 28:35 | Peasant |
| 28:38 | Scout Tower |
| 28:39 | Scout Tower |
| 28:43 | Scout Tower |
| 28:50 | Gryphon Rider |
| 28:51 | Gryphon Rider |
| 28:56 | Scout Tower |
| 29:12 | Guard Tower |
| 29:13 | Scout Tower |
| 29:57 | Guard Tower |
| 30:03 | Scout Tower |
| 30:10 | Scout Tower |
| 30:34 | Guard Tower |
| 30:48 | Guard Tower |
| 30:50 | Scout Tower |
| 31:35 | Gryphon Rider |
| 31:38 | Guard Tower |
| 31:42 | Scout Tower |
| 33:31 | Guard Tower |
| 35:18 | Flame Strike |
| Right click | 846 |
| Select | 445 |
| Select group | 364 |
| Build/train/purchase | 96 |
| Use ability | 51 |
| Assign group | 17 |
| Remove unit | 2 |
BEARAND
(35:59) : 


| Lesser Clarity Potion | 1 | 70 |
| Potion of Healing | 2 | 300 |
| Staff of Sanctuary | 3 | 750 |
| Potion of Mana | 2 | 400 |
| Staff of Teleportation | 3 | 450 |
| Boots of Speed | 3 | 750 |
| Healing Salve | 5 | 500 |
| Orb of Lightning | 2 | 750 |
| total: | 21 | 3970g |
| Peasant | 22 | 1650 | / | 0 |
| Priest | 1 | 135 | / | 10 |
| Troll Batrider | 8 | 1280 | / | 320 |
| total: | 31 | 3065g | / | 330w |
| Scout Tower | 36 | 1080 | / | 720 |
| Arcane Tower | 5 | 350 | / | 250 |
| Guard Tower | 20 | 1400 | / | 1000 |
| Altar of Kings | 1 | 180 | / | 50 |
| Farm | 5 | 400 | / | 100 |
| Lumber Mill | 1 | 120 | / | 0 |
| Town Hall | 3 | 1155 | / | 615 |
| Arcane Vault | 2 | 260 | / | 60 |
| Arcane Sanctum | 1 | 150 | / | 140 |
| Keep | 1 | 320 | / | 210 |
| Castle | 1 | 360 | / | 210 |
| total: | 49 | 3345g | / | 1685w |
| 0:01 | Peasant |
| 0:01 | Peasant |
| 0:06 | Altar of Kings |
| 0:12 | Peasant |
| 0:17 | Farm |
| 0:19 | Peasant |
| 0:27 | Peasant |
| 0:40 | Farm |
| 1:00 | Peasant |
| 1:03 | Scout Tower |
| 1:08 | Lumber Mill |
| 1:11 | Peasant |
| 1:27 | Peasant |
| 1:35 | Arcane Tower |
| 1:36 | Scout Tower |
| 1:36 | Peasant |
| 1:54 | Peasant |
| 2:00 | Scout Tower |
| 2:06 | Blizzard |
| 2:09 | Guard Tower |
| 2:09 | Peasant |
| 2:40 | Guard Tower |
| 2:41 | Peasant |
| 2:41 | Peasant |
| 2:42 | Scout Tower |
| 2:44 | Scout Tower |
| 2:56 | Peasant |
| 3:16 | Brilliance Aura |
| 3:22 | Guard Tower |
| 3:25 | Scout Tower |
| 3:25 | Scout Tower |
| 3:32 | Keep |
| 3:34 | Improved Masonry |
| 3:51 | Guard Tower |
| 3:54 | Farm |
| 3:55 | Farm |
| 4:09 | Staff of Teleportation |
| 4:14 | Boots of Speed |
| 4:23 | Farm |
| 4:48 | Guard Tower |
| 5:01 | Healing Salve |
| 5:08 | Guard Tower |
| 5:10 | Scout Tower |
| 5:10 | Scout Tower |
| 5:28 | Scout Tower |
| 5:28 | Scout Tower |
| 5:51 | Guard Tower |
| 6:49 | Guard Tower |
| 6:50 | Storm Bolt |
| 6:51 | Advanced Masonry |
| 6:51 | Improved Lumber Harvesting |
| 7:07 | Town Hall |
| 7:11 | Scout Tower |
| 7:13 | Scout Tower |
| 7:42 | Guard Tower |
| 7:43 | Scout Tower |
| 7:44 | Scout Tower |
| 7:44 | Scout Tower |
| 7:44 | Scout Tower |
| 8:05 | Healing Salve |
| 8:24 | Guard Tower |
| 8:25 | Scout Tower |
| 8:26 | Scout Tower |
| 8:52 | Scout Tower |
| 8:52 | Scout Tower |
| 9:01 | Blizzard |
| 9:22 | Guard Tower |
| 9:25 | Town Hall |
| 9:27 | Scout Tower |
| 9:28 | Scout Tower |
| 9:28 | Castle |
| 9:35 | Guard Tower |
| 9:36 | Arcane Vault |
| 9:44 | Scout Tower |
| 9:45 | Scout Tower |
| 9:45 | Scout Tower |
| 9:45 | Scout Tower |
| 9:57 | Guard Tower |
| 9:57 | Guard Tower |
| 10:27 | Staff of Teleportation |
| 10:41 | Boots of Speed |
| 10:56 | Scout Tower |
| 10:57 | Scout Tower |
| 10:57 | Scout Tower |
| 11:20 | Peasant |
| 11:22 | Scout Tower |
| 11:23 | Scout Tower |
| 11:23 | Scout Tower |
| 11:24 | Scout Tower |
| 11:24 | Scout Tower |
| 11:25 | Scout Tower |
| 11:27 | Arcane Sanctum |
| 11:36 | Healing Salve |
| 11:53 | Arcane Vault |
| 12:32 | Arcane Tower |
| 12:33 | Arcane Tower |
| 12:33 | Guard Tower |
| 12:34 | Guard Tower |
| 12:46 | Peasant |
| 12:47 | Peasant |
| 12:47 | Peasant |
| 12:48 | Peasant |
| 12:49 | Peasant |
| 12:50 | Peasant |
| 12:50 | Peasant |
| 13:18 | Advanced Lumber Harvesting |
| 13:36 | Orb of Lightning |
| 13:36 | Healing Salve |
| 13:39 | Lesser Clarity Potion |
| 14:19 | Potion of Healing |
| 14:20 | Potion of Healing |
| 15:00 | Brilliance Aura |
| 15:07 | Holy Light |
| 15:10 | Staff of Sanctuary |
| 15:14 | Bash |
| 15:16 | Guard Tower |
| 15:23 | Staff of Sanctuary |
| 16:14 | Priest |
| 16:15 | Magic Sentry |
| 16:16 | Arcane Tower |
| 16:23 | Healing Salve |
| 17:16 | Staff of Sanctuary |
| 19:34 | Boots of Speed |
| 19:34 | Staff of Teleportation |
| 21:07 | Divine Shield |
| 21:37 | Imbued Masonry |
| 22:31 | Storm Bolt |
| 24:23 | Healing Wave |
| 24:28 | Troll Batrider |
| 24:28 | Troll Batrider |
| 24:29 | Troll Batrider |
| 24:29 | Troll Batrider |
| 25:06 | Holy Light |
| 25:16 | Brilliance Aura |
| 25:58 | Town Hall |
| 26:22 | Potion of Mana |
| 26:22 | Potion of Mana |
| 26:22 | Orb of Lightning |
| 29:11 | Bash |
| 31:50 | Divine Shield |
| 32:40 | Storm Bolt |
| 32:47 | Mass Teleport |
| 33:32 | Holy Light |
| 35:37 | Troll Batrider |
| 35:37 | Troll Batrider |
| 35:37 | Troll Batrider |
| 35:38 | Troll Batrider |
| Right click | 3984 |
| Select | 1122 |
| Select group | 609 |
| Build/train/purchase | 245 |
| Use ability | 227 |
| Chat | 121 |
| Misc. action | 22 |
| Minimap ping | 20 |
| Assign group | 15 |
| Resource trade | 12 |
| Item give/drop | 6 |
| Remove unit | 5 |


| Healing Salve | 2 | 200 |
| Orb of Lightning | 2 | 750 |
| Boots of Speed | 2 | 500 |
| Staff of Teleportation | 2 | 300 |
| Staff of Sanctuary | 1 | 250 |
| total: | 9 | 2000g |
| Peon | 16 | 1200 | / | 0 |
| Troll Batrider | 13 | 2080 | / | 520 |
| total: | 29 | 3280g | / | 520w |
| Watch Tower | 49 | 5390 | / | 3920 |
| Altar of Storms | 1 | 180 | / | 50 |
| Orc Burrow | 3 | 480 | / | 120 |
| War Mill | 1 | 205 | / | 0 |
| Voodoo Lounge | 3 | 390 | / | 90 |
| Great Hall | 2 | 770 | / | 370 |
| Beastiary | 5 | 725 | / | 700 |
| Stronghold | 1 | 315 | / | 190 |
| Fortress | 1 | 325 | / | 190 |
| total: | 64 | 8140g | / | 5250w |
| 0:02 | Peon |
| 0:02 | Peon |
| 0:05 | Altar of Storms |
| 0:19 | Orc Burrow |
| 0:21 | Peon |
| 0:44 | Peon |
| 0:49 | War Mill |
| 0:58 | Voodoo Lounge |
| 1:03 | Peon |
| 1:17 | Peon |
| 1:30 | Peon |
| 1:35 | Orc Burrow |
| 1:44 | Peon |
| 2:02 | Watch Tower |
| 2:03 | Peon |
| 2:10 | Wind Walk |
| 2:15 | Healing Salve |
| 2:25 | Watch Tower |
| 2:34 | Peon |
| 2:37 | Peon |
| 2:53 | Peon |
| 3:07 | Watch Tower |
| 3:10 | Watch Tower |
| 3:35 | Stronghold |
| 3:44 | Boots of Speed |
| 3:54 | Staff of Teleportation |
| 4:09 | Watch Tower |
| 5:04 | Watch Tower |
| 5:12 | Watch Tower |
| 5:14 | Watch Tower |
| 5:17 | Watch Tower |
| 5:21 | Orc Burrow |
| 6:13 | Critical Strike |
| 6:18 | Beastiary |
| 6:40 | Beastiary |
| 6:51 | Healing Salve |
| 6:56 | Hex |
| 7:07 | Fortress |
| 7:40 | Beastiary |
| 7:52 | Boots of Speed |
| 8:38 | Beastiary |
| 9:27 | Troll Batrider |
| 9:34 | Reinforced Defenses |
| 9:34 | Steel Ranged Weapons |
| 9:34 | Steel Armor |
| 9:58 | Liquid Fire |
| 10:29 | Orb of Lightning |
| 10:39 | Troll Batrider |
| 10:46 | Watch Tower |
| 11:25 | Troll Batrider |
| 11:26 | Troll Batrider |
| 13:19 | Watch Tower |
| 13:20 | Watch Tower |
| 13:23 | Watch Tower |
| 13:24 | Watch Tower |
| 13:30 | Healing Wave |
| 14:19 | Wind Walk |
| 14:36 | Great Hall |
| 14:37 | Watch Tower |
| 14:39 | Watch Tower |
| 14:40 | Watch Tower |
| 16:14 | Watch Tower |
| 16:16 | Watch Tower |
| 16:17 | Watch Tower |
| 16:32 | Thorium Ranged Weapons |
| 16:40 | Orb of Lightning |
| 17:36 | Healing Wave |
| 17:41 | Watch Tower |
| 17:42 | Watch Tower |
| 17:43 | Watch Tower |
| 17:48 | Peon |
| 17:48 | Peon |
| 17:48 | Peon |
| 17:48 | Peon |
| 17:57 | Critical Strike |
| 18:46 | Staff of Sanctuary |
| 18:57 | Watch Tower |
| 18:59 | Watch Tower |
| 19:00 | Watch Tower |
| 19:08 | Troll Batrider |
| 19:11 | Arcanite Ranged Weapons |
| 20:02 | Watch Tower |
| 20:07 | Watch Tower |
| 20:08 | Watch Tower |
| 21:09 | Troll Batrider |
| 21:28 | Watch Tower |
| 21:30 | Watch Tower |
| 21:31 | Watch Tower |
| 21:33 | Watch Tower |
| 21:41 | Troll Batrider |
| 21:59 | Watch Tower |
| 22:12 | Troll Batrider |
| 23:41 | Hex |
| 23:42 | Staff of Teleportation |
| 23:47 | Wind Walk |
| 23:54 | Troll Batrider |
| 23:54 | Troll Batrider |
| 23:59 | Watch Tower |
| 24:01 | Watch Tower |
| 24:03 | Watch Tower |
| 25:20 | Watch Tower |
| 25:21 | Watch Tower |
| 25:22 | Watch Tower |
| 25:34 | Thorium Armor |
| 25:35 | Spiked Barricades |
| 26:25 | Watch Tower |
| 26:26 | Watch Tower |
| 26:28 | Watch Tower |
| 27:49 | Watch Tower |
| 27:51 | Watch Tower |
| 27:54 | Watch Tower |
| 28:05 | Arcanite Armor |
| 30:02 | Watch Tower |
| 30:03 | Watch Tower |
| 30:05 | Watch Tower |
| 30:56 | Healing Wave |
| 31:46 | Bladestorm |
| 32:22 | Troll Batrider |
| 32:22 | Troll Batrider |
| 32:24 | Beastiary |
| 33:19 | Troll Batrider |
| 33:38 | Voodoo Lounge |
| 33:46 | Great Hall |
| 34:59 | Voodoo Lounge |
| 35:50 | Big Bad Voodoo |
| 35:58 | Critical Strike |
| Right click | 2526 |
| Select group | 815 |
| Select | 623 |
| Misc. action | 158 |
| Build/train/purchase | 108 |
| Use ability | 95 |
| Chat | 26 |
| Assign group | 18 |
| Minimap ping | 16 |
| Item give/drop | 6 |
| Esc | 1 |
223 units @ 34.9k
/ 5.7k
92 buildings @ 12.9k
/ 5.7k

| Potion of Healing | 1 | 150 |
| Orb of Fire | 1 | 325 |
| total: | 2 | 475g |
| Peasant | 16 | 1200 | / | 0 |
| Footman | 5 | 675 | / | 0 |
| Rifleman | 22 | 4510 | / | 660 |
| Mortar Team | 6 | 1080 | / | 420 |
| Knight | 2 | 490 | / | 120 |
| Flying Machine | 2 | 200 | / | 60 |
| Siege Engine | 4 | 780 | / | 240 |
| total: | 57 | 8935g | / | 1500w |
| Altar of Kings | 2 | 360 | / | 100 |
| Farm | 14 | 1120 | / | 280 |
| Barracks | 2 | 320 | / | 120 |
| Blacksmith | 1 | 140 | / | 60 |
| Arcane Vault | 1 | 130 | / | 30 |
| Lumber Mill | 1 | 120 | / | 0 |
| Town Hall | 2 | 770 | / | 410 |
| Workshop | 1 | 140 | / | 140 |
| Gryphon Aviary | 1 | 140 | / | 150 |
| Keep | 2 | 640 | / | 420 |
| Castle | 1 | 360 | / | 210 |
| total: | 25 | 3240g | / | 1290w |
| 0:09 | Altar of Kings |
| 0:12 | Farm |
| 0:13 | Peasant |
| 0:13 | Peasant |
| 0:13 | Peasant |
| 0:16 | Peasant |
| 0:52 | Barracks |
| 1:15 | Peasant |
| 1:20 | Farm |
| 1:57 | Footman |
| 1:57 | Footman |
| 2:05 | Blacksmith |
| 2:16 | Arcane Vault |
| 2:25 | Thunder Clap |
| 2:43 | Footman |
| 3:02 | Peasant |
| 3:33 | Farm |
| 3:37 | Farm |
| 3:48 | Footman |
| 4:02 | Lumber Mill |
| 4:10 | Keep |
| 4:27 | Barracks |
| 4:28 | Footman |
| 5:17 | Rifleman |
| 5:17 | Rifleman |
| 5:48 | Storm Bolt |
| 6:21 | Town Hall |
| 6:39 | Improved Lumber Harvesting |
| 6:41 | Black Gunpowder |
| 7:04 | Rifleman |
| 7:15 | Farm |
| 8:07 | Long Rifles |
| 8:15 | Peasant |
| 8:16 | Peasant |
| 9:25 | Rifleman |
| 9:25 | Rifleman |
| 9:38 | Peasant |
| 9:38 | Peasant |
| 9:41 | Peasant |
| 9:46 | Farm |
| 9:48 | Castle |
| 10:03 | Refined Gunpowder |
| 10:27 | Workshop |
| 11:41 | Mortar Team |
| 11:41 | Mortar Team |
| 11:47 | Studded Leather Armor |
| 11:51 | Rifleman |
| 11:51 | Rifleman |
| 12:53 | Fragmentation Shards |
| 12:53 | Mortar Team |
| 14:06 | Storm Bolt |
| 15:05 | Sundering Blades |
| 15:05 | Animal War Training |
| 15:05 | Knight |
| 15:06 | Knight |
| 15:13 | Mortar Team |
| 16:04 | Barrage |
| 16:12 | Advanced Lumber Harvesting |
| 16:15 | Peasant |
| 16:15 | Peasant |
| 16:30 | Farm |
| 16:35 | Iron Forged Swords |
| 17:19 | Rifleman |
| 17:19 | Rifleman |
| 17:19 | Rifleman |
| 17:22 | Flying Machine Bombs |
| 17:56 | Peasant |
| 18:09 | Rifleman |
| 18:10 | Rifleman |
| 18:50 | Potion of Healing |
| 18:58 | Peasant |
| 19:03 | Flak Cannons |
| 19:03 | Flying Machine |
| 19:03 | Flying Machine |
| 19:36 | Peasant |
| 20:12 | Siege Engine |
| 20:12 | Siege Engine |
| 20:32 | Farm |
| 22:06 | Orb of Fire |
| 22:17 | Gryphon Aviary |
| 22:51 | Siege Engine |
| 22:51 | Siege Engine |
| 23:09 | Rifleman |
| 23:09 | Rifleman |
| 23:09 | Rifleman |
| 23:09 | Rifleman |
| 23:09 | Rifleman |
| 24:11 | Keep |
| 24:35 | Farm |
| 25:42 | Farm |
| 25:45 | Farm |
| 27:13 | Farm |
| 27:15 | Farm |
| 28:27 | Mortar Team |
| 28:27 | Mortar Team |
| 28:31 | Farm |
| 29:57 | Town Hall |
| 31:13 | Altar of Kings |
| 33:35 | Rifleman |
| 33:35 | Rifleman |
| 35:15 | Rifleman |
| 35:15 | Rifleman |
| 35:16 | Rifleman |
| Right click | 420 |
| Select | 334 |
| Build/train/purchase | 85 |
| Use ability | 18 |
| Resource trade | 15 |
| Remove unit | 2 |
| Minimap ping | 1 |

| Acolyte | 18 | 1350 | / | 0 |
| Ghoul | 13 | 1560 | / | 0 |
| Crypt Fiend | 12 | 2580 | / | 480 |
| Frost Wyrm | 14 | 5390 | / | 1680 |
| total: | 57 | 10880g | / | 2160w |
| Spirit Tower | 6 | 870 | / | 240 |
| Crypt | 2 | 400 | / | 100 |
| Altar of Darkness | 1 | 180 | / | 50 |
| Ziggurat | 9 | 1350 | / | 450 |
| Graveyard | 1 | 215 | / | 0 |
| Sacrificial Pit | 1 | 75 | / | 150 |
| Boneyard | 2 | 350 | / | 400 |
| Halls of the Dead | 1 | 320 | / | 210 |
| Black Citadel | 1 | 325 | / | 230 |
| total: | 16 | 2570g | / | 1150w |
| 0:05 | Acolyte |
| 0:16 | Crypt |
| 0:25 | Altar of Darkness |
| 0:31 | Ziggurat |
| 0:35 | Acolyte |
| 0:58 | Acolyte |
| 1:15 | Ziggurat |
| 1:17 | Ghoul |
| 1:41 | Ghoul |
| 1:47 | Ziggurat |
| 2:03 | Crypt |
| 2:12 | Ghoul |
| 2:31 | Ghoul |
| 2:38 | Carrion Beetles |
| 2:43 | Ghoul |
| 2:55 | Ziggurat |
| 3:16 | Graveyard |
| 3:28 | Ghoul |
| 3:36 | Ghoul |
| 3:47 | Cannibalize |
| 3:57 | Ghoul |
| 4:09 | Ghoul |
| 4:21 | Ghoul |
| 5:09 | Ghoul |
| 6:12 | Acolyte |
| 6:12 | Acolyte |
| 6:12 | Acolyte |
| 6:13 | Acolyte |
| 6:21 | Acolyte |
| 6:37 | Spiked Carapace |
| 7:54 | Acolyte |
| 8:05 | Creature Attack |
| 8:05 | Creature Carapace |
| 8:30 | Ghoul |
| 8:31 | Ghoul |
| 8:33 | Halls of the Dead |
| 9:31 | Spirit Tower |
| 10:00 | Crypt Fiend |
| 10:08 | Crypt Fiend |
| 10:24 | Ziggurat |
| 10:27 | Ziggurat |
| 11:12 | Black Citadel |
| 11:18 | Improved Creature Attack |
| 11:19 | Improved Creature Carapace |
| 11:23 | Spirit Tower |
| 11:27 | Spirit Tower |
| 11:35 | Burrow |
| 11:36 | Web |
| 12:55 | Crypt Fiend |
| 13:16 | Ziggurat |
| 13:21 | Ziggurat |
| 14:26 | Advanced Creature Carapace |
| 14:27 | Advanced Creature Attack |
| 14:30 | Crypt Fiend |
| 14:32 | Crypt Fiend |
| 14:34 | Acolyte |
| 15:19 | Crypt Fiend |
| 15:23 | Spirit Tower |
| 15:35 | Spirit Tower |
| 15:40 | Acolyte |
| 16:29 | Acolyte |
| 16:32 | Acolyte |
| 16:33 | Acolyte |
| 16:41 | Sacrificial Pit |
| 16:52 | Ziggurat |
| 17:43 | Boneyard |
| 17:45 | Boneyard |
| 19:02 | Freezing Breath |
| 19:03 | Frost Wyrm |
| 19:33 | Frost Wyrm |
| 19:46 | Acolyte |
| 19:46 | Acolyte |
| 19:46 | Acolyte |
| 19:46 | Acolyte |
| 19:51 | Spirit Tower |
| 20:06 | Crypt Fiend |
| 22:08 | Crypt Fiend |
| 22:12 | Crypt Fiend |
| 22:14 | Frost Wyrm |
| 22:21 | Frost Wyrm |
| 25:16 | Frost Wyrm |
| 25:18 | Frost Wyrm |
| 25:49 | Frost Wyrm |
| 27:23 | Frost Wyrm |
| 27:47 | Spiked Carapace |
| 28:16 | Carrion Beetles |
| 28:48 | Frost Wyrm |
| 28:59 | Frost Wyrm |
| 29:02 | Frost Wyrm |
| 29:40 | Frost Wyrm |
| 30:09 | Crypt Fiend |
| 30:29 | Crypt Fiend |
| 32:57 | Spiked Carapace |
| 33:13 | Frost Wyrm |
| 33:23 | Crypt Fiend |
| 34:18 | Frost Wyrm |
| 35:10 | Locust Swarm |
| 35:31 | Carrion Beetles |
| Right click | 603 |
| Select | 442 |
| Select group | 183 |
| Misc. action | 157 |
| Build/train/purchase | 95 |
| Assign group | 29 |
| Use ability | 8 |
| Esc | 2 |
| Minimap ping | 1 |


| Healing Salve | 1 | 100 |
| Orb of Lightning | 1 | 375 |
| Tiny Great Hall | 1 | 600 |
| total: | 3 | 1075g |
| Peon | 7 | 525 | / | 0 |
| Grunt | 5 | 1000 | / | 0 |
| Troll Headhunter | 7 | 980 | / | 140 |
| Demolisher | 7 | 1540 | / | 350 |
| Wind Rider | 2 | 530 | / | 80 |
| Raider | 4 | 720 | / | 160 |
| Troll Berserker | 6 | 840 | / | 120 |
| Shaman | 4 | 520 | / | 80 |
| total: | 42 | 6655g | / | 930w |
| Watch Tower | 1 | 110 | / | 80 |
| Altar of Storms | 1 | 180 | / | 50 |
| Orc Burrow | 8 | 1280 | / | 320 |
| Barracks | 1 | 180 | / | 50 |
| War Mill | 2 | 410 | / | 0 |
| Voodoo Lounge | 1 | 130 | / | 30 |
| Great Hall | 1 | 385 | / | 185 |
| Beastiary | 1 | 145 | / | 140 |
| Tauren Totem | 1 | 135 | / | 155 |
| Spirit Lodge | 1 | 150 | / | 150 |
| Stronghold | 1 | 315 | / | 190 |
| Fortress | 1 | 325 | / | 190 |
| total: | 18 | 3105g | / | 1160w |
| 0:05 | Altar of Storms |
| 0:09 | Orc Burrow |
| 0:11 | Peon |
| 0:11 | Peon |
| 0:16 | Peon |
| 0:54 | Barracks |
| 0:56 | Peon |
| 0:57 | Peon |
| 1:21 | Peon |
| 1:22 | Peon |
| 1:34 | Orc Burrow |
| 1:49 | War Mill |
| 2:17 | Endurance Aura |
| 2:20 | Grunt |
| 2:26 | Orc Burrow |
| 2:45 | Grunt |
| 3:12 | Troll Headhunter |
| 3:13 | Troll Headhunter |
| 3:18 | Spiked Barricades |
| 3:54 | Stronghold |
| 4:00 | Voodoo Lounge |
| 4:12 | Troll Headhunter |
| 5:20 | Orc Burrow |
| 5:22 | Grunt |
| 5:29 | Steel Melee Weapons |
| 5:30 | Steel Armor |
| 5:30 | Steel Ranged Weapons |
| 5:38 | Healing Salve |
| 5:48 | Troll Headhunter |
| 6:17 | War Stomp |
| 6:47 | Beastiary |
| 7:01 | Berserker Strength |
| 7:03 | Troll Regeneration |
| 7:06 | Troll Headhunter |
| 7:41 | Healing Wave |
| 7:43 | Demolisher |
| 8:11 | Demolisher |
| 8:52 | Thorium Ranged Weapons |
| 8:54 | Thorium Melee Weapons |
| 9:08 | Wind Rider |
| 9:29 | Ensnare |
| 9:52 | Raider |
| 11:23 | Pillage |
| 11:25 | Thorium Armor |
| 11:32 | Orc Burrow |
| 11:38 | Tauren Totem |
| 11:44 | Raider |
| 11:45 | Wind Rider |
| 12:38 | Spirit Lodge |
| 13:12 | Fortress |
| 14:59 | Troll Headhunter |
| 14:59 | Troll Headhunter |
| 15:02 | Grunt |
| 15:02 | Grunt |
| 15:11 | War Mill |
| 15:34 | Berserker Upgrade |
| 15:34 | Burning Oil |
| 16:40 | Shaman Adept Training |
| 17:24 | Troll Berserker |
| 17:24 | Troll Berserker |
| 17:25 | Troll Berserker |
| 17:27 | Arcanite Ranged Weapons |
| 19:18 | Demolisher |
| 19:19 | Demolisher |
| 19:29 | Hex |
| 19:33 | Shaman Master Training |
| 19:34 | Shaman |
| 19:34 | Shaman |
| 19:49 | Arcanite Melee Weapons |
| 21:11 | Endurance Aura |
| 21:25 | Demolisher |
| 21:47 | Demolisher |
| 21:51 | Watch Tower |
| 21:56 | Arcanite Armor |
| 22:10 | Orc Burrow |
| 22:54 | Demolisher |
| 22:55 | Troll Berserker |
| 22:55 | Troll Berserker |
| 22:56 | Troll Berserker |
| 22:58 | Shaman |
| 22:59 | Shaman |
| 23:00 | Raider |
| 23:00 | Raider |
| 23:33 | Orc Burrow |
| 28:31 | Orb of Lightning |
| 28:35 | War Stomp |
| 28:47 | Healing Wave |
| 29:30 | Orc Burrow |
| 33:16 | Tiny Great Hall |
| 35:28 | Great Hall |
| Right click | 1110 |
| Select | 396 |
| Build/train/purchase | 96 |
| Use ability | 31 |
| Select group | 29 |
| Minimap ping | 9 |
| Misc. action | 8 |
| Chat | 5 |
| Assign group | 2 |
| Item give/drop | 1 |
| Remove unit | 1 |


| Peasant | 35 | 2625 | / | 0 |
| Footman | 10 | 1350 | / | 0 |
| Rifleman | 10 | 2050 | / | 300 |
| Mortar Team | 10 | 1800 | / | 700 |
| Gryphon Rider | 2 | 560 | / | 140 |
| total: | 67 | 8385g | / | 1140w |
| Scout Tower | 9 | 270 | / | 180 |
| Guard Tower | 12 | 840 | / | 600 |
| Barracks | 1 | 160 | / | 60 |
| Farm | 10 | 800 | / | 200 |
| Altar of Kings | 1 | 180 | / | 50 |
| Lumber Mill | 2 | 240 | / | 0 |
| Blacksmith | 1 | 140 | / | 60 |
| Town Hall | 4 | 1540 | / | 820 |
| Workshop | 2 | 280 | / | 280 |
| Gryphon Aviary | 3 | 420 | / | 450 |
| Keep | 2 | 640 | / | 420 |
| Castle | 2 | 720 | / | 420 |
| total: | 33 | 4030g | / | 2100w |
| 0:03 | Peasant |
| 0:11 | Peasant |
| 0:19 | Barracks |
| 0:22 | Peasant |
| 0:26 | Farm |
| 0:30 | Peasant |
| 0:35 | Peasant |
| 0:55 | Altar of Kings |
| 0:59 | Peasant |
| 1:18 | Farm |
| 1:22 | Footman |
| 1:36 | Footman |
| 2:06 | Farm |
| 2:08 | Footman |
| 2:11 | Scout Tower |
| 2:30 | Footman |
| 2:44 | Keep |
| 2:55 | Summon Water Elemental |
| 2:59 | Lumber Mill |
| 3:04 | Lumber Mill |
| 3:31 | Blacksmith |
| 3:34 | Footman |
| 4:11 | Footman |
| 4:14 | Farm |
| 4:18 | Brilliance Aura |
| 4:27 | Guard Tower |
| 4:47 | Farm |
| 4:51 | Rifleman |
| 5:21 | Workshop |
| 6:18 | Holy Light |
| 6:26 | Rifleman |
| 6:32 | Peasant |
| 6:32 | Peasant |
| 7:02 | Scout Tower |
| 7:06 | Scout Tower |
| 7:07 | Footman |
| 7:15 | Town Hall |
| 7:31 | Farm |
| 7:37 | Guard Tower |
| 8:06 | Guard Tower |
| 8:09 | Summon Water Elemental |
| 8:26 | Peasant |
| 8:26 | Peasant |
| 9:04 | Peasant |
| 9:05 | Peasant |
| 9:06 | Peasant |
| 9:31 | Peasant |
| 9:31 | Peasant |
| 9:59 | Peasant |
| 10:06 | Rifleman |
| 10:44 | Mortar Team |
| 12:01 | Peasant |
| 12:01 | Peasant |
| 12:01 | Peasant |
| 12:18 | Peasant |
| 12:18 | Peasant |
| 12:20 | Improved Lumber Harvesting |
| 13:08 | Footman |
| 13:08 | Footman |
| 13:08 | Footman |
| 13:16 | Peasant |
| 13:16 | Peasant |
| 13:23 | Farm |
| 13:24 | Farm |
| 13:25 | Farm |
| 14:10 | Town Hall |
| 15:07 | Castle |
| 16:21 | Gryphon Aviary |
| 16:23 | Gryphon Aviary |
| 16:26 | Gryphon Aviary |
| 16:29 | Iron Forged Swords |
| 16:29 | Steel Forged Swords |
| 17:13 | Peasant |
| 17:13 | Peasant |
| 17:13 | Peasant |
| 18:04 | Advanced Lumber Harvesting |
| 18:11 | Scout Tower |
| 18:13 | Scout Tower |
| 18:14 | Scout Tower |
| 18:15 | Scout Tower |
| 18:17 | Scout Tower |
| 18:19 | Scout Tower |
| 18:44 | Peasant |
| 18:44 | Peasant |
| 18:44 | Peasant |
| 19:11 | Guard Tower |
| 19:51 | Peasant |
| 19:51 | Peasant |
| 20:01 | Gryphon Rider |
| 20:01 | Gryphon Rider |
| 20:25 | Peasant |
| 20:25 | Peasant |
| 20:28 | Guard Tower |
| 20:29 | Guard Tower |
| 20:30 | Guard Tower |
| 20:50 | Rifleman |
| 21:08 | Rifleman |
| 21:08 | Rifleman |
| 21:16 | Devotion Aura |
| 21:24 | Brilliance Aura |
| 21:53 | Town Hall |
| 24:02 | Rifleman |
| 24:02 | Rifleman |
| 24:29 | Rifleman |
| 24:31 | Mortar Team |
| 24:33 | Peasant |
| 24:33 | Peasant |
| 25:30 | Mortar Team |
| 25:34 | Workshop |
| 26:03 | Mortar Team |
| 26:03 | Fragmentation Shards |
| 26:09 | Farm |
| 26:11 | Black Gunpowder |
| 26:20 | Rifleman |
| 26:21 | Long Rifles |
| 26:33 | Town Hall |
| 27:12 | Mortar Team |
| 27:12 | Mortar Team |
| 28:04 | Mortar Team |
| 28:04 | Mortar Team |
| 28:54 | Refined Gunpowder |
| 28:54 | Imbued Gunpowder |
| 29:44 | Mortar Team |
| 29:44 | Mortar Team |
| Right click | 1720 |
| Select | 632 |
| Build/train/purchase | 165 |
| Misc. action | 93 |
| Select group | 77 |
| Assign group | 37 |
| Use ability | 33 |
| Resource trade | 23 |
| Esc | 6 |
| Minimap ping | 6 |
| Chat | 4 |
| Item give/drop | 1 |